 Dungeon Sprint DCSS version bcrawl-1.34.2 (webtiles) character file.

Game seed: 1174233022827445529

595703 Groucho the Ninja (level 11, -2/68 HPs)
             Began as a Felid Berserker on Sept 25, 2021.
             Was the Champion of Trog.
             Slain by a fire giant
             ... wielding a +2 great sword of flaming
              (3 damage)
             ... in the Dungeon (Sprint I: "Red Sonja").
             The game lasted 00:15:55 (4771 turns).

Groucho the Ninja (Felid Berserker)                 Turns: 4771, Time: 00:15:56

Health: -2/68      AC:  2    Str: 11    XL:     11   Next: 57%
Magic:  12/12      EV: 33    Int:  5    God:    Trog [******]
Gold:   4113       SH:  0    Dex: 18    Spells: 10/10 levels left
                                        Lives:  0   Deaths: 3

rFire    + . .     SeeInvis +     - Teeth and claws (26.5)
rCold    . . .     Gourm    .   (shield unavailable)
rNeg     + + +     Faith    .   (armour unavailable)
rPois    .         Spirit   .   (helmet unavailable)
rElec    .         Reflect  .   j - scarf {repulsion}
rCorr    .         Harm     .   (gloves unavailable)
MR       +++..     NoTele   +   (boots unavailable)
Stlth    ++++++++++             (no amulet)
HPRegen  1.21/turn              c - ring of Sif Muna's Esteem {+Blink rF+ rN+++ Str-2 Int-5}
MPRegen  0.13/turn              (no ring)

@: regenerating, repel missiles, quick
A: very small, no armour, no weapons or thrown items, stealth, claws 1, fangs 3,
see invisible, carnivore, speed 1, shaggy fur 2, slow metabolism 1, sharp paws
a: Berserk, Trog's Hand, Brothers in Arms, Renounce Religion, Evoke Blink


You were in the Dungeon.
You worshipped Trog.
Trog was exalted by your worship.
You were not hungry.

You visited 1 branch You collected 4788 gold pieces.
You spent 675 gold pieces at shops.

Inventory:

Armour
 j - a scarf of repulsion (worn)
Jewellery
 c - the ring of Sif Muna's Esteem (left paw) {+Blink rF+ rN+++ Str-2 Int-5}
   (You bought it in a shop in the Dungeon)

   [ring of protection from fire]

   It affects your strength (-2).
   It affects your intelligence (-5).
   It protects you from fire.
   It renders you almost immune to negative energy.
   It lets you blink.
 g - an uncursed amulet of rage {unknown}
 o - an uncursed amulet of magic regeneration {unknown}
Wands
 h - a wand of polymorph (15)
Scrolls
 l - a scroll of amnesia {unknown}
 m - a scroll of remove curse {unknown}
 p - a scroll of immolation {unknown}
Potions
 a - 2 potions of magic
 b - 2 potions of curing
 d - 2 potions of haste
 f - a potion of berserk rage
 i - 2 potions of degeneration {unknown}
 k - a potion of cancellation {unknown}
Miscellaneous
 n - a lamp of fire
Comestibles
 e - 5 rations {!d}


   Skills:
 + Level 13.5 Fighting
 + Level 16.9 Dodging
 O Level 27 Stealth
 + Level 15.7 Unarmed Combat


You had 10 spell levels left.
You didn't know any spells.
Your spell library was empty.

Dungeon Overview and Level Annotations

Branches:
Dungeon (1/1)

Altars:
Cheibriados
Dithmenos
Elyvilon
Fedhas
Gozag
Hepliaklqana
Kikubaaqudgha
Lugonu
Makhleb
Nemelex Xobeh
Okawaru
Qazlal
Ru
Sif Muna
Trog
Uskayaw
Vehumet
Wu Jian
Xom
Yredelemnul
Zin
The Shining One
Jiyva

Shops:
D ([[[}=*[?%%([(*[::*[[(

Annotations:
D exclusion: oklob plant


Innate Abilities, Weirdness & Mutations

You cannot wear almost all types of armour.
You are incapable of wielding weapons or throwing items.
Your paws allow you to move quietly. (Stealth)
You have sharp claws.
You have razor-sharp teeth.
You have supernaturally acute eyesight. (SInv)
You are carnivorous and can eat meat at any time.
You cover ground quickly.
You are covered in thick fur. (AC +2)
You have a slow metabolism.
Your sharp claws are effective at attacking unaware monsters.


Message History

The fire giant hits you with a +2 great sword of flaming!
* * * LOW HITPOINT WARNING * * *
The fire giant burns you.
* * * LOW HITPOINT WARNING * * *
You scratch the fire giant.
The fire giant is moderately wounded.
You mangle the fire giant!!
You claw the fire giant, but do no damage.
The fire giant is heavily wounded.
The fire giant completely misses you. x2
No path to travel!
Okay, then.
Your skin crawls.
You feel resistant to hostile enchantments.
You feel somewhat more hungry. The fire giant barely misses you.
Your ogre goes berserk!
The fire giant hits you with a +2 great sword of flaming!!
* * * LOW HITPOINT WARNING * * *
The fire giant burns you.
You die...

####'###.###.# #..#+###..
.'..[..'.∩##.# ##...#P≈..
.###########.# ###.#M≈).
###....§§.##.# #.###..
#.#.....§§§'§# #.# +†.
..#'''######.# ####'# ##'
..#........#§##### ###....#
#≈≈
###.......#+.#)/?#####...####
#≈≈
.........≈####)C@..)...###
#≈≈ ........≈≈##()%.C.O#####
####≈ ......≈≈≈###$?..).##
#..#' #..≈≈≈≈### #!....##
#...# '######+####$$$$$#
#.... ########∩∩########
#.... ∩∩∩∩∩∩∩∩∩###≈≈≈≈≈≈
##### ########## #######
#..0..


You could see 2 fire giants and a friendly ogre (berserk).

Vanquished Creatures
  the Lernaean hydra (D)
  2 fire giants (D)
  A hydra (D)
  2 centaur warriors (D)
  Sonja (D)
  A deep troll (D)
  7 unseen horrors (D)
  A lindwurm (D)
  An oklob plant (D)
  A merfolk siren (D)
  3 demonic crawlers (D)
  A hellwing (D)
  5 hornets (D)
  A slime creature (D)
  Sigmund (D)
  2 redbacks (D)
  A yak (D)
  13 hogs (D)
  4 floating eyes (D)
  7 necrophages (D)
  An ogre (D)
  8 jellies (D)
  Ijyb (D)
  3 ballistomycetes (D)
69 creatures vanquished.

Vanquished Creatures (collateral kills)
  A golden dragon (D)
  A shadow dragon (D)
  8 shining eyes (D)
  2 kobold demonologists (D)
  A demonic crawler (D)
  3 floating eyes (D)
  A ballistomycete spore (D)
17 creatures vanquished.

Vanquished Creatures (others)
  A deep elf master archer (D)
  A merfolk siren (D)
  A gargoyle (D)
  A ballistomycete spore (D)
4 creatures vanquished.

Grand Total: 90 creatures vanquished

Notes
Turn   | Place    | Note
-------+----------+-------------------------------------------
     0 | D        | Groucho the Felid Berserker began the quest for the Orb.
     0 | D        | Reached XP level 1. HP: 12/12 MP: 2/2
     2 | D        | Noticed Ijyb
     3 | D        | Reached skill level 6 in Stealth
     3 | D        | Reached XP level 2. HP: 16/16 MP: 3/3
    12 | D        | Killed Ijyb
   224 | D        | Noticed an ogre
   225 | D        | Reached skill level 10 in Stealth
   225 | D        | Reached XP level 3. HP: 20/20 MP: 4/4
   226 | D        | Killed an ogre
   250 | D        | Noticed Sigmund
   251 | D        | Reached skill level 13 in Stealth
   251 | D        | Reached XP level 4. HP: 24/24 MP: 5/5
   251 | D        | Reached XP level 5. HP: 28/28 MP: 6/6
   252 | D        | Killed Sigmund
   252 | D        | Reached ** piety under Trog
   266 | D        | Found a shimmering blue altar of Sif Muna.
   267 | D        | Found an ornate altar of the Wu Jian Council.
   268 | D        | Found a radiant altar of Vehumet.
   376 | D        | Killed a gargoyle
   514 | D        | Found Noaqun's Armour Emporium.
   514 | D        | Found an ancient bone altar of Kikubaaqudgha.
   514 | D        | Found a hazy altar of Hepliaklqana.
   514 | D        | Found a stormy altar of Qazlal.
   514 | D        | Found a hide-covered altar of Uskayaw.
   514 | D        | Found a blossoming altar of Fedhas.
   514 | D        | Found a bloodstained altar of Trog.
   514 | D        | Found an iron altar of Okawaru.
   514 | D        | Found a basalt altar of Yredelemnul.
   514 | D        | Found a glowing golden altar of the Shining One.
   514 | D        | Found a snail-covered altar of Cheibriados.
   514 | D        | Found a sacrificial altar of Ru.
   514 | D        | Found a glowing silver altar of Zin.
   514 | D        | Found a shadowy altar of Dithmenos.
   514 | D        | Found a white marble altar of Elyvilon.
   514 | D        | Noticed a yak
   515 | D        | Reached skill level 15 in Stealth
   515 | D        | Found an opulent altar of Gozag.
   516 | D        | Killed a yak
   517 | D        | Found a sparkling altar of Nemelex Xobeh.
   535 | D        | Found a burning altar of Makhleb.
   535 | D        | Found a shimmering altar of Xom.
   535 | D        | Noticed a slime creature
   536 | D        | Reached skill level 17 in Stealth
   536 | D        | Gained mutation: You are covered in thick fur. (AC +2)
                  | [Felid growth]
   536 | D        | Reached XP level 6. HP: 32/32 MP: 7/7
   536 | D        | Found a viscous altar of Jiyva.
   536 | D        | Found a corrupted altar of Lugonu.
   538 | D        | Killed a slime creature
   538 | D        | Reached *** piety under Trog
   606 | D        | Noticed a centaur warrior
   606 | D        | Noticed a centaur warrior
   607 | D        | Reached skill level 5 in Fighting
   607 | D        | Reached skill level 19 in Stealth
   607 | D        | Reached XP level 7. HP: 39/39 MP: 8/8
   607 | D        | Reached XP level 8. HP: 44/44 MP: 9/9
   607 | D        | Killed a centaur warrior
   608 | D        | Killed a centaur warrior
   615 | D        | Noticed a hornet
   618 | D        | Killed a hornet
   629 | D        | Noticed an oklob plant
   631 | D        | Killed an oklob plant
   631 | D        | Reached **** piety under Trog
   634 | D        | Noticed a redback
   639 | D        | Noticed a redback
   639 | D        | Killed a redback
   649 | D        | Killed a redback
   669 | D        | Reached skill level 20 in Stealth
   678 | D        | Noticed an unseen horror
   678 | D        | Noticed an unseen horror
   679 | D        | Reached skill level 10 in Dodging
   679 | D        | Reached XP level 9. HP: 51/51 MP: 10/10
   696 | D        | Killed an unseen horror
   707 | D        | Killed an unseen horror
   861 | D        | Reached ***** piety under Trog
  1382 | D        | Reached skill level 21 in Stealth
  1387 | D        | Reached ****** piety under Trog
  1419 | D        | Found Zialle's Antique Armour Shoppe.
  1419 | D        | Found Targh's Assorted Antiques.
  1419 | D        | Found Vefurch's Magic Scroll Boutique.
  1421 | D        | Found Jompuysh's Food Emporium.
  1421 | D        | Found Zuan's Food Shop.
  1421 | D        | Found Jiffysid's Antique Weapon Shoppe.
  1421 | D        | Found Zaclash's Armour Boutique.
  1421 | D        | Found Zeden's Weapon Emporium.
  1421 | D        | Found Cesak's Assorted Antiques.
  1421 | D        | Found Tuceaci's Armour Shoppe.
  1423 | D        | Found Giof's Book Boutique.
  1424 | D        | Found Wedata's Assorted Antiques.
  1424 | D        | Found Dinaram's Book Boutique.
  1425 | D        | Found Hishey's Armour Emporium.
  1442 | D        | Bought a scarf of repulsion for 132 gold pieces
  1492 | D        | Noticed a deep troll
  1493 | D        | Reached skill level 10 in Unarmed Combat
  1494 | D        | Killed a deep troll
  1513 | D        | Found Vebutefiso's Armour Emporium.
  1528 | D        | Noticed Sonja
  1531 | D        | Killed Sonja
  1545 | D        | Found Sesooray's Weapon Boutique.
  1814 | D        | Noticed a shining eye
  1814 | D        | Noticed a shining eye
  1814 | D        | Noticed a shining eye
  1814 | D        | Noticed a shining eye
  1814 | D        | Noticed a shining eye
  1814 | D        | Noticed a shining eye
  1815 | D        | Reached skill level 22 in Stealth
  1815 | D        | Reached XP level 10. HP: 58/58 MP: 11/11
  1826 | D        | Paralysed by a floating eye for 4 turns
  1848 | D        | Killed a shining eye
  1849 | D        | Killed a shining eye
  1849 | D        | Killed a shining eye
  1849 | D        | Killed a shining eye
  1853 | D        | Killed a shining eye
  1856 | D        | Noticed a shining eye
  1856 | D        | Noticed a shining eye
  1857 | D        | Killed a shining eye
  1859 | D        | Killed a shining eye
  1859 | D        | Killed a shining eye
  1866 | D        | Found Gudyrio Ynwa's Gadget Shop.
  1866 | D        | Found Otteirock's Antique Armour Shoppe.
  1866 | D        | Found Tosocuysk's Jewellery Boutique.
  1866 | D        | Found Lusujyem's Armour Emporium.
  2115 | D        | Noticed a kobold demonologist
  2116 | D        | Reached skill level 10 in Fighting
  2116 | D        | Noticed a kobold demonologist
  2119 | D        | Killed a kobold demonologist
  2122 | D        | Killed a kobold demonologist
  2554 | D        | Noticed a demonic crawler
  2554 | D        | Noticed a demonic crawler
  2554 | D        | Noticed a demonic crawler
  2554 | D        | Noticed a demonic crawler
  2555 | D        | Reached skill level 23 in Stealth
  2559 | D        | HP: 1/59 [demonic crawler (16)]
  2561 | D        | Killed a demonic crawler
  2583 | D        | Killed a demonic crawler
  2917 | D        | Killed a demonic crawler
  3274 | D        | Killed a demonic crawler
  3336 | D        | Noticed a lindwurm
  3338 | D        | Killed a lindwurm
  3361 | D        | Reached XP level 11. HP: 55/64 MP: 12/12
  3720 | D        | Noticed a 12-headed hydra
  3722 | D        | Killed a 12-headed hydra
  3791 | D        | Bought the ring of Sif Muna's Esteem {+Blink rF+ rN+++
                  | Str-2 Int-5} for 543 gold pieces
  3917 | D        | Noticed a golden dragon
  3917 | D        | Noticed a shadow dragon
  3918 | D        | Reached skill level 24 in Stealth
  4135 | D        | Slain by a golden dragon
  4136 | D        | Reached XP level 10. HP: -1/62 MP: 11/11
  4145 | D        | Succumbed to a golden dragon's poison
  4146 | D        | Reached XP level 9. HP: 0/57 MP: 10/10
  4259 | D        | HP: 2/57 [something (20)]
  4262 | D        | Engulfed by a cloud of freezing vapour
  4263 | D        | Reached XP level 8. HP: -17/53 MP: 9/9
  4267 | D        | Noticed the 27-headed Lernaean hydra
  4268 | D        | Reached skill level 15 in Dodging
  4268 | D        | Reached skill level 25 in Stealth
  4268 | D        | Reached XP level 9. HP: 57/57 MP: 10/10
  4285 | D        | Noticed a deep elf master archer
  4286 | D        | Reached XP level 10. HP: 43/62 MP: 11/11
  4287 | D        | Killed the 27-headed Lernaean hydra
  4330 | D        | Noticed an oklob plant
  4330 | D        | Noticed a merfolk siren
  4331 | D        | Noticed a merfolk siren
  4334 | D        | Noticed a deep elf annihilator
  4335 | D        | Reached skill level 26 in Stealth
  4337 | D        | Noticed a mummy priest
  4338 | D        | Killed a merfolk siren
  4362 | D        | Killed a merfolk siren
  4525 | D        | Killed a shadow dragon
  4598 | D        | Killed a golden dragon
  4614 | D        | Found Utisy's Antique Weapon Shoppe.
  4730 | D        | Noticed a daeva
  4734 | D        | Noticed an unseen horror
  4734 | D        | Noticed an unseen horror
  4734 | D        | Noticed an unseen horror
  4734 | D        | Noticed an unseen horror
  4735 | D        | Reached skill level 15 in Unarmed Combat
  4735 | D        | Reached XP level 11. HP: 44/68 MP: 12/12
  4736 | D        | Killed an unseen horror
  4737 | D        | Noticed an unseen horror
  4738 | D        | Killed an unseen horror
  4739 | D        | Killed an unseen horror
  4741 | D        | Killed an unseen horror
  4748 | D        | Killed an unseen horror
  4749 | D        | Killed a deep elf master archer
  4752 | D        | Noticed a fire giant
  4755 | D        | Noticed a fire giant
  4756 | D        | Noticed a fire giant
  4757 | D        | Reached skill level 27 in Stealth
  4757 | D        | Noticed a fire giant
  4759 | D        | Killed a fire giant
  4763 | D        | Killed a fire giant
  4771 | D        | HP: 1/68 [fire giant/+2 great sword of flaming (21)]
  4771 | D        | Slain by a fire giant

Skill      XL: |  1  2  3  4  5  6  7  8  9 10 11 |
---------------+----------------------------------+-----
Stealth        | 6 10 13 17 19 25 22 26 27 | 27.0
Fighting       | 5 12 9 13 11 | 13.5
Dodging        | 7 15 12 16 14 | 16.9
Unarmed Combat | 7 14 11 15 13 | 15.7

Action                   |  1- 3 |  4- 6 |  7- 9 | 10-12 || total
-------------------------+-------+-------+-------+-------++-------
Melee: Unarmed           |     4 |     4 |    78 |   142 ||   228
       Bite              |       |     1 |    11 |    11 ||    23
       Punch             |       |       |     2 |     6 ||     8
Invok: Berserk           |     1 |     1 |     1 |     2 ||     5
       Trog's Hand       |       |       |     2 |     3 ||     5
       Brothers in Arms  |       |       |     1 |    15 ||    16
  Use: Scroll            |       |     1 |     1 |       ||     2
       Potion            |       |       |       |     2 ||     2
 Stab: Sleeping          |     2 |     3 |    12 |    17 ||    34
       Distracted        |       |       |       |     1 ||     1
  Eat: Chunk             |     6 |       |     5 |     9 ||    20
Armor: Skin              |       |       |     3 |     3 ||     6
Dodge: Dodged            |     4 |       |    56 |   183 ||   243
       Deflected         |       |       |       |     4 ||     4
